 Dungeon Crawl Stone Soup version 0.30.0-30-g96aa6591b8 (webtiles) character file.

Game seed: 4876398172294018506

6518 croobank the Blocker (level 11, -2/64 HPs)
             Began as an Octopode Summoner on June 28, 2023.
             Was an Initiate of Gozag.
             Slain by a water moccasin (6 damage)
             ... on level 11 of the Dungeon.
             The game lasted 00:38:06 (12077 turns).

croobank the Blocker (Octopode Summoner)           Turns: 12077, Time: 00:38:07

Health: -2/64      AC:  1    Str:  7    XL:     11   Next: 0%
Magic:  4/15       EV: 14    Int: 22    God:    Gozag
Gold:   1046       SH:  0    Dex: 13    Spells: 2/15 levels left

rFire   . . .        b - +0 arbalest
rCold   . . .        (shield currently unavailable)
rNeg    . . .        (helmet restricted)
rPois   .            (no amulet)
rElec   .            (no ring)
rCorr   .            (no ring)
SInv    .            (no ring)
Will    .....        (no ring)
Stlth   ++++         (no ring)
HPRegen 0.30/turn    (no ring)
MPRegen 0.14/turn    (no ring)
                     (no ring)

%: no passive effects
@: gold aura, very slightly contaminated
A: almost no armour, amphibious, 8 rings, camouflage 1, gelatinous body 1,
(nimble swimmer 1), tentacles
a: Renounce Religion, Potion Petition, Call Merchant, Bribe Branch


You were on level 11 of the Dungeon.
You worshipped Gozag.
Gozag was most pleased with you.
You visited 2 branches of the dungeon, and saw 12 of its levels.

You collected 1131 gold pieces.
You paid 85 gold pieces to Gozag.

Inventory:

Hand Weapons
 a - a +4 flail of freezing
 b - a +0 arbalest (weapon)
 j - a +0 short sword
 A - a +3 dagger of flaming
 B - a +0 war axe
 G - a +1 vampiric spear
 I - a +0 falchion
Missiles
 d - 24 poisoned darts
 n - a throwing net
 w - 11 atropa-tipped darts
Armour
 q - a +0 kite shield
Jewellery
 e - a ring of ice
 F - a ring of resist corrosion
Wands
 t - a wand of light (16)
 u - a wand of mindburst (20)
 v - a wand of roots (8)
 z - a wand of digging (5)
 J - a wand of charming (5)
Scrolls
 c - a scroll of torment {unknown}
 g - 2 scrolls of fog
 l - a scroll of identify
 x - 3 scrolls of teleportation
 y - 2 scrolls of magic mapping
 C - 2 scrolls of immolation {unknown}
 E - a scroll of vulnerability {unknown}
 H - a scroll of enchant weapon
 L - a scroll of amnesia {unknown}
Potions
 f - 4 potions of lignification
 h - 6 potions of curing
 i - 2 potions of mutation
 k - a potion of heal wounds
 m - 2 potions of brilliance
 o - 4 potions of haste
 p - 2 potions of magic
 r - 2 potions of attraction
 s - 2 potions of flight
 D - a potion of ambrosia


   Skills:
 - Level 2.0 Fighting
 - Level 3.1 Dodging
 - Level 4.3 Stealth
 * Level 11.1 Shields
 - Level 2.9 Spellcasting
 + Level 7.9 Hexes
 - Level 4.6 Summonings
 - Level 7.0 Air Magic


You had 2 spell levels left.
You knew the following spells:

 Your Spells              Type           Power      Damage    Failure   Level
a - Summon Small Mammal   Summ           92%        N/A       1%          1
b - Call Imp              Summ           46%        N/A       2%          2
c - Call Canine Familiar  Summ           23%        N/A       5%          3
d - Summon Guardian Gole  Hex/Summ       31%        N/A       2%          3
e - Summon Lightning Spi  Summ/Air       28%        N/A       11%         4

Your spell library contained the following spells:

 Spells                   Type           Power      Damage    Failure   Level
 Static Discharge         Conj/Air       36%        2-4/arc   4%          2
 Beastly Appendage        Tmut           6%         N/A       13%         1
 Freeze                   Ice            12%        1d3       13%         1
 Wereblood                Tmut           3%         N/A       19%         2
 Cause Fear               Hex            19%        N/A       4%          4
 Airstrike                Air            17%        2d(3-19)  7%          4
 Anguish                  Hex/Necr       10%        N/A       24%         4
 Frozen Ramparts          Ice            6%         1d1       36%         3
 Hailstorm                Conj/Ice       3%         3d3       36%         3
 Spider Form              Tmut/Pois      3%         N/A       36%         3
 Borgnjor's Vile Clutch   Necr/Erth      1%         N/A       98%         5
 Enfeeble                 Hex            19%        N/A       99%         7
 Death Channel            Necr           1%         N/A       100%        6
 Animate Dead             Necr           Unusable   N/A       N/A         4

Dungeon Overview and Level Annotations

Branches:
Dungeon (11/15)            Temple (1/1) D:7
   Lair: D:8-11         Orc: D:9-12

Altars:
Ashenzari
Cheibriados
Dithmenos
Elyvilon
Fedhas
Gozag
Kikubaaqudgha
Makhleb
Nemelex Xobeh
Okawaru
Qazlal
Ru
Trog
Uskayaw
Vehumet
Wu Jian
Xom
Yredelemnul
Zin
The Shining One

Shops:
D:1 (   D:7 (   D:8 [[[


Innate Abilities, Weirdness & Mutations

You cannot wear most types of armour.
You are amphibious.
You can wear up to eight rings at the same time.
Your skin changes colour to match your surroundings (Stealth+).
Your rubbery body absorbs attacks. (AC +1, EV +1)
((You are camouflaged when in or above water. (Stealth+)))
You have tentacles for arms and can constrict up to eight enemies at once.


Message History

You shoot a bolt. The bolt misses the wolf.
The wolf is engulfed in blazing flames. x2; The wolf bites you.
The wolf is engulfed in blazing flames.
The wolf bites you!
The wolf is engulfed in blazing flames.
The wolf dies!
You have reached level 11!
You start resting.
You hear an angry growl.
You hear an angry hiss. x2; You hear an angry growl.
A wyvern comes into view.
Fire: b) +0 arbalest
Press: ? - help, Q - select action, (/) - cycle Shift-Dir - straight line, f - wyvern
Aim: a wyvern (50% to hit)
You shoot a bolt. The bolt barely misses the wyvern.
A water moccasin comes into view.
A black bear comes into view.
Casting: Summon Guardian Golem (dangerous; 2% risk of failure)
Confirm with . or Enter, or press ? or * to list all spells.
You miscast Summon Lightning Spire.
You are very lightly contaminated with residual magic.
You feel a sudden electric shock!
The water moccasin hisses angrily.
The wyvern hisses menacingly.
The wyvern barely misses you.
Casting: Summon Lightning Spire (dangerous; 11% risk of failure)
Confirm with . or Enter, or press ? or * to list all spells.
An electric hum fills the air.
The wyvern bites you!! The water moccasin bites you!
You are poisoned.
The water moccasin poisons you! The wyvern bites you!!
* * * LOW HITPOINT WARNING * * *
You feel better. The water moccasin closely misses you. The wyvern bites you.
* * * LOW HITPOINT WARNING * * *
Your lightning spire shoots out a bolt of lightning at the water moccasin!
The bolt of electricity hits the water moccasin!
The bolt of electricity hits the wyvern.
As you read the scroll of fear, it crumbles to dust.
You assume a fearsome visage.
The wyvern looks frightened!
The water moccasin easily resists.
The water moccasin bites you.
You die...
Your body crumbles into a pile of gold.

... ##.# #.#
#.... ##.####
#.....
##.....##......
#...##.........
#.#.##.........
#.#8..$l.......
#.#..S.#....P.♣
###....@##..P..Pl
#####......##


..SPPPP ........##.# ♣.....P ...####.##.# ..♣... ## #.##.# PP.PP. #.##.# ..hPS.
#.##.. $ ##.###. #<.# . You could see a water moccasin (ally target), a wyvern
(fleeing) and a friendly lightning spire (summoned).

Vanquished Creatures
  A vampire (D:10)
  A wraith (D:10)
  2 yaks (D:9)
  A steam dragon (D:8)
  A water moccasin (D:11)
  2 black bears
  A kobold brigand (D:6)
  A scorpion (D:5)
  A bullfrog (D:6)
  A wight (D:7)
  A killer bee (D:10)
  2 howler monkeys
  2 hounds (D:6)
  An orc priest (D:9)
  A gnoll bouda (D:10)
  An iguana (D:4)
  5 gnolls
  An adder (D:2)
  2 white imps
  A nameless horror (D:8)
  13 orcs
  3 endoplasms
  4 goblins
  2 hobgoblins
  7 kobolds
  A quokka (D:3)
  8 ball pythons
  6 bats
  3 rats
76 creatures vanquished.

Vanquished Creatures (collateral kills)
  3 yaks (D:9)
  A sky beast (D:6)
  3 ogres
  A phantom (D:4)
  A bullfrog (D:8)
  A scorpion (D:6)
  2 wights (D:7)
  6 killer bees
  2 howler monkeys (D:8)
  2 jellies
  2 hounds
  3 orc priests
  3 sleepcaps (D:6)
  An iguana (D:7)
  An orc wizard (D:7)
  6 gnolls
  6 adders
  A shadow imp (D:4)
  A white imp (D:7)
  2 dart slugs
  21 orcs
  2 endoplasms (D:1)
  4 giant cockroaches
  4 goblins
  2 hobgoblins
  5 kobolds
  4 ball pythons
  2 bats
  4 frilled lizards
  4 rats (D:1)
100 creatures vanquished.

Vanquished Creatures (others)
  A two-headed ogre (D:9)
  6 yaks (D:9)
  A steam dragon (D:8)
  A water moccasin (D:11)
  A black bear (D:4)
  2 orc warriors (D:8)
  An ice beast (D:5)
  An ogre (D:7)
  2 wolves (D:11)
  2 gnoll sergeants
  9 killer bees
  3 orc priests
  An orc wizard (D:8)
  2 gnolls
  An orc (D:5)
34 creatures vanquished.

Grand Total: 210 creatures vanquished

Notes
Turn   | Place    | Note
-------+----------+-------------------------------------------
     0 | D:1      | croobank the Octopode Summoner began the quest for the Orb.
     0 | D:1      | Reached XP level 1. HP: 11/11 MP: 3/3
   269 | D:1      | Reached XP level 2. HP: 17/17 MP: 1/5
   272 | D:1      | Learned a level 2 spell: Call Imp
   549 | D:1      | Found Royf's Antique Weapon Shoppe.
   555 | D:1      | Reached XP level 3. HP: 21/21 MP: 1/6
   610 | D:1      | Learned a level 3 spell: Call Canine Familiar
  1268 | D:2      | Reached XP level 4. HP: 25/27 MP: 1/7
  1339 | D:2      | Reached skill level 1 in Fighting
  2589 | D:3      | Reached XP level 5. HP: 33/33 MP: 9/9
  2593 | D:3      | Learned a level 3 spell: Summon Guardian Golem
  3367 | D:4      | Noticed a phantom
  3385 | D:4      | Killed a phantom
  3386 | D:4      | Reached skill level 1 in Hexes
  4404 | D:5      | Entered Level 5 of the Dungeon
  4404 | D:5      | Noticed an ice beast
  4404 | D:5      | Noticed an ogre
  4427 | D:4      | Reached skill level 1 in Shields
  4427 | D:4      | Reached XP level 6. HP: 26/39 MP: 2/10
  4522 | D:5      | Noticed a black bear
  4522 | D:5      | Noticed a black bear
  4537 | D:4      | Killed a black bear
  4538 | D:4      | Reached skill level 2 in Shields
  4617 | D:4      | Killed a black bear
  4618 | D:4      | Reached skill level 3 in Shields
  4618 | D:4      | Reached XP level 7. HP: 10/45 MP: 1/11
  4919 | D:5      | Reached skill level 4 in Shields
  5154 | D:5      | Reached skill level 5 in Shields
  5282 | D:5      | Reached XP level 8. HP: 50/50 MP: 9/12
  5886 | D:6      | You fall into a shaft and drop 1 floor!
  5995 | D:7      | Reached skill level 6 in Shields
  6149 | D:7      | Found a staircase to the Ecumenical Temple.
  6160 | Temple   | Entered the Ecumenical Temple
  6223 | Temple   | Became a worshipper of Gozag Ym Sagoz the Greedy
  6601 | D:6      | Found a radiant altar of Vehumet.
  6638 | D:6      | Reached skill level 7 in Shields
  6638 | D:6      | Reached skill level 5 in Hexes
  7158 | D:6      | Reached XP level 9. HP: 54/54 MP: 10/13
  7163 | D:6      | Learned a level 4 spell: Summon Lightning Spire
  7446 | D:6      | Reached skill level 1 in Air Magic
  8026 | D:7      | Reached skill level 8 in Shields
  8246 | D:7      | Found Sairoel's Weapon Shop.
  8524 | D:8      | Found Mick's Armour Boutique.
  8757 | D:8      | Found Gerhil Hykh's Antique Armour Shoppe.
  8887 | D:8      | HP: 1/54 [steam dragon/ball of steam (24)]
  9563 | D:8      | Found Ziullom's Armour Shoppe.
  9669 | D:9      | Noticed a two-headed ogre
  9675 | D:9      | Reached skill level 9 in Shields
  9675 | D:9      | Killed a two-headed ogre
  9676 | D:9      | Reached skill level 5 in Air Magic
  9676 | D:9      | Reached XP level 10. HP: 50/60 MP: 4/14
  9790 | D:9      | Reached skill level 10 in Shields
 10702 | D:10     | Entered Level 10 of the Dungeon
 11317 | D:10     | HP: 3/60 [poisoned by a killer bee]
 11654 | D:10     | Found a broken altar of Ashenzari.
 12059 | D:11     | Reached skill level 11 in Shields
 12065 | D:11     | Reached XP level 11. HP: 54/64 MP: 10/15
 12075 | D:11     | HP: 3/64 [wyvern (18)]
 12077 | D:11     | Slain by a water moccasin

Illustrated notes

Levels and vault maps discovered:
D:1:      elethiomel_arrival_quiet, layout_rooms, serial_shops,
          nicolae_shop_temple_entry_statues_fountains, st_stairs_1
D:2:      layout_loops_ring, dk_noncrumbling_2, chequers_serial_rivers_large_b
D:3:      layout_basic
D:4:      layout_basic, minivault_26
D:5:      layout_rooms, grunt_decor_cap
D:6:      layout_loops_ring, nicolae_vehumet_radiance,
          corexii_item_surrounded_by_moat
D:7:      layout_loops_cross, minmay_temple_entry_statues_fountains,
          serial_shops, nicolae_shop_just_a_little_nook
D:8:      layout_gridville, serial_shops, nicolae_shop_hallway_plus,
          nicolae_shop_advertising_works [nicolae_subvault_shop_adworks], shop
D:9:      layout_roguey, nicolae_overflow_hidden_temple
D:10:     layout_roguey, mainiacjoe_overflow_six_doors_small,
          dreamdust_princess_bridge, hangedman_abyss_or_decor_clamps
D:11:     layout_rooms, minmay_lair_entry_grove, hiddenorc1_lemuel,
          lemuel_flamethrower_2
Temple:   compressed_dpeg_circular_temple

Skill      XL: |  1  2  3  4  5  6  7  8  9 10 |
---------------+-------------------------------+-----
Stealth        | 3 4 |  4.3
Fighting       | 1 2 |  2.0
Dodging        | 3 |  3.1
Hexes          | 1 2 3 5 6 7 |  7.9
Shields        | 1 3 5 7 9 11 | 11.1
Air Magic      | 5 7 |  7.0
Spellcasting   | |  2.9
Summonings     | |  4.6

Action                     |  1- 3 |  4- 6 |  7- 9 | 10-12 || total
---------------------------+-------+-------+-------+-------++-------
  Melee: Unarmed           |     3 |       |       |       ||     3
         Constrict         |     3 |     9 |    14 |     2 ||    28
         Tentacles         |     2 |    12 |    10 |     4 ||    28
         Whip              |     3 |       |       |       ||     3
         Dagger            |     7 |    65 |    23 |       ||    95
         Punch             |       |     1 |       |       ||     1
         Flail             |       |       |    30 |    11 ||    41
   Fire: Arbalest          |       |       |     4 |    61 ||    65
   Cast: Summon Small Mamm |    20 |    11 |    37 |     6 ||    74
         Call Imp          |     7 |    13 |    28 |     7 ||    55
         Call Canine Famil |     4 |    14 |    34 |    14 ||    66
         Summon Guardian G |       |     3 |    23 |    18 ||    44
         Summon Lightning  |       |       |     3 |     4 ||     7
  Evoke: Wand              |       |     1 |       |       ||     1
    Use: Scroll            |     3 |     8 |     7 |     3 ||    21
         Potion            |     1 |       |     3 |     3 ||     7
   Stab: Sleeping          |     7 |    10 |     3 |       ||    20
         Distracted        |       |       |       |     1 ||     1
 Armour: Skin              |       |     9 |     8 |     1 ||    18
  Dodge: Dodged            |    10 |    67 |    70 |    30 ||   177
